 Dungeon Crawl Stone Soup version 0.20.0-6-gd3061e9 (webtiles) character file.

63 SedStubbie the Sneak (level 4, 0/27 HPs)
             Began as an Octopode Enchanter on May 28, 2017.
             Slain by a kobold (2 damage)
             ... on level 3 of the Dungeon.
             The game lasted 00:03:59 (2499 turns).

SedStubbie the Sneak (Octopode Enchanter)           Turns: 2499, Time: 00:03:59

Health: 0/27       AC:  2    Str:  7    XL:     4   Next: 9%
Magic:  8/8        EV: 13    Int: 17    God:
Gold:   97         SH:  0    Dex: 13    Spells: 7/8 levels left

rFire    . . .     SeeInvis .   a - +1 dagger
rCold    . . .     Gourm    .   (no shield)
rNeg     . . .     Faith    .   D - +1 hat
rPois    .         Spirit   .   (no amulet)
rElec    .         Reflect  .   (no ring)
rCorr    .         Harm     .   (no ring)
MR       .....                  (no ring)
Stlth    ++++......             (no ring)
Regen    0.1/turn               (no ring)
MPRegen  0.2/turn               (no ring)
                                (no ring)
                                (no ring)

@: no status effects
A: almost no armour, stealthy swim, amphibious, 8 rings, constrict 8, camouflage
1, gelatinous body 1
a: no special abilities


You were on level 3 of the Dungeon.
You were not hungry.

You visited 1 branch of the dungeon, and saw 3 of its levels.

You collected 97 gold pieces.

Inventory:

Hand Weapons
 a - a +1 dagger (weapon)
Armour
 D - a +1 hat (worn)
Jewellery
 B - an uncursed ring of protection from fire {unknown}
Scrolls
 A - 2 scrolls of teleportation {unknown}
 C - 2 scrolls of blinking {unknown}
 E - 2 scrolls of remove curse {unknown}
 H - a scroll of amnesia {unknown}
 J - a scroll of fear {unknown}
 L - a scroll of noise {unknown}
 M - a scroll of enchant weapon {unknown}
 P - a scroll of identify {unknown}
Potions
 F - a potion of curing {unknown}
 G - a potion of flight {unknown}
 K - a potion of lignification {unknown}
 N - a potion of cancellation {unknown}
Books
 b - a book of Maledictions

   Spells                             Type                      Level
   a - Corona                         Hexes                        1
   b - Ensorcelled Hibernation        Hexes/Ice                    2
   c - Confuse                        Hexes                        3
   d - Tukima's Dance                 Hexes                        3
   e - Dazzling Spray                 Conjuration/Hexes            3
Comestibles
 c - 2 bread rations
 z - 2 meat rations


   Skills:
 - Level 1.0 Short Blades
 - Level 2.0 Dodging
 + Level 4.9 Stealth
 + Level 2.9 Spellcasting
 + Level 3.7 Hexes


You had 7 spell levels left.
You knew the following spells:

 Your Spells              Type           Power        Failure   Level  Hunger
a - Corona                Hex            ###....      3%          1    #......


Dungeon Overview and Level Annotations

Branches:
Dungeon (3/15)

Altars:
Vehumet

Annotations:
D:3 Grinder


Innate Abilities, Weirdness & Mutations

You cannot wear most types of armour.
You are very stealthy in the water. (Stealth+)
You are amphibious.
You can wear up to eight rings at the same time.
You can use your tentacles to constrict eight enemies at once.
Your skin changes colour to match your surroundings (Stealth+).
Your rubbery body absorbs attacks. (AC +1, EV +1)


Message History

You constrict the worm. The worm bites you!
You hit the kobold but do no damage. Your grab misses the kobold.
Your squeeze misses the kobold. You constrict the worm.
The kobold unwields an uncursed blowgun.
The kobold barely misses you.
You hit the worm.
The worm is heavily wounded.
You constrict the worm. The kobold hits you.
The worm bites you but does no damage.
You hit the worm.
The worm is heavily wounded.
You constrict the worm. The kobold barely misses you.
You hit the worm but do no damage.
The worm is heavily wounded.
You constrict the worm. The kobold barely misses you. The worm bites you!
* * * LOW HITPOINT WARNING * * *
You hit the worm but do no damage.
The worm is severely wounded.
You constrict the worm. The kobold hits you.
You die...

#...(......# .##.
###.##.......#
....oo#....#....##.#
#..o.#.........##.#
....#..........# .
...#..........# .
#.#......#...#
#.....#wK###....
##....#@.###....
+..............
#.......[......
#####.........
##########


You could see a worm and a kobold.

Vanquished Creatures
  2 adders (D:2)
  A worm (D:2)
  4 dart slugs
  4 bats
  A giant cockroach (D:1)
  9 goblins
  4 hobgoblins
  3 kobolds (D:1)
  A quokka (D:3)
  A frilled lizard (D:1)
30 creatures vanquished.

Notes
Turn   | Place    | Note
-------+----------+-------------------------------------------
     0 | D:1      | SedStubbie the Octopode Enchanter began the quest for the Orb.
     0 | D:1      | Reached XP level 1. HP: 11/11 MP: 3/3
   242 | D:1      | Reached XP level 2. HP: 17/17 MP: 5/5
  1094 | D:2      | Reached XP level 3. HP: 21/21 MP: 6/6
  1611 | D:2      | Reached XP level 4. HP: 20/27 MP: 8/8
  1615 | D:2      | Found a radiant altar of Vehumet.
  1932 | D:3      | Noticed Grinder
  2499 | D:3      | Slain by a kobold

Action                   |  1- 3 |  4- 6 || total
-------------------------+-------+-------++-------
Melee: Dagger            |    66 |    20 ||    86
       Constrict         |    17 |     3 ||    20
       Tentacles         |     9 |     3 ||    12
 Stab: Sleeping          |     9 |       ||     9
  Eat: Chunk             |     2 |     1 ||     3
       Royal jelly       |       |     1 ||     1
Armor: Skin              |     3 |     3 ||     6
Dodge: Dodged            |    27 |     6 ||    33
